AoeStats
← Tony

Glade

503653870Analyzed
1v1 RM · 29d ago on Sep 1, 2026· 28m 13s· 2 players
Game mode
Random Map
Map size
Tiny (2 player)
Population
200
Speed
Normal
Resources
Standard
Victory
Conquest
Starting age
Dark Age
Ending age
Imperial Age
RankedLock teamsTeams togetherTeam positionsShared explorationLock speedFull tech treeHidden civsTurbo modeCheats
Victory
Defeat
🇨🇿 Italians · Czechia
889
+15
🇩🇪 Wei · Germany
865
-15
Tony
10:19 Loom
12:19 Feudal Age
12:59 Horse Collar
13:05 Double-Bit Axe
13:11 Gold Mining
16:45 Castle Age
15:33 Stone Mining
17:54 Bow Saw
19:01 Heavy Plow
19:59 Stone Shaft Mining
20:26 Fletching
21:20 Bodkin Arrow
23:24 Treadmill Crane
24:06 Ballistics
26:15 Wheelbarrow
30:36 Imperial Age
Steposaur_CZ
0:31 Loom
10:20 Feudal Age
14:44 Double-Bit Axe
17:25 Castle Age
15:39 Horse Collar
18:25 Fletching
21:42 Padded Archer Armor
30:07 Imperial Age
27:28 Town Watch
Connection lost

Rejoining the realm…

Still unreachable

The connection could not be restored.

Session expired

The server has moved on; the page needs a fresh start.